 Dungeon Crawl Stone Soup version 0.15-a0-1619-g29500c9 (webtiles) character file.

129952 PolkaDot the Maledictor (level 16, -6/96 HPs)
             Began as a Vampire Enchanter on June 19, 2014.
             Was the Champion of Ashenzari.
             Mangled by the 27-headed Lernaean hydra (7 damage)
             ... on Level 5 of the Swamp on June 20, 2014.
             The game lasted 03:30:54 (36757 turns).

PolkaDot the Maledictor (Vampire Enchanter)        Turns: 36757, Time: 03:30:54

HP  -6/96        AC 16     Str  7      XL: 16   Next: 51%
MP   2/27        EV 20     Int 22      God: Ashenzari [******]
Gold 628         SH  6     Dex 14      Spells:  9 memorised,  0 levels left

rFire  + . .     SeeInvis +     t - +5 dagger (venom) (curse)
rCold  + + .     Clarity  +     B - +2 robe {MR+} (curse)
rNeg   + + +     rCorr    .     j - +0 buckler (curse)
rPois  +         rRot     +     (no helmet)
rElec  .         Spirit   .     s - +2 cloak (curse)
SustAb .         Warding  .     x - +2 pair of gloves (curse)
rMut   +         Stasis   .     A - +2 pair of boots (curse)
Gourm  .                        q - cursed amulet of resist mutation
MR     +++..                    U - cursed ring "Qahil" {+Rage rF+ MR+}
                                y - cursed +3 ring of protection

@: flying, bloodless, non-regenerating, repel missiles, extremely resistant to
hostile enchantments, uncannily stealthy
A: bottle blood, fangs 3, hooves 1, see invisible, poison resistance, wild magic
1, unbreathing
a: Bat Form, Bottle Blood, Scrying, Transfer Knowledge, Renounce Religion, Evoke
Berserk Rage


You were on level 5 of the Swamp.
You worshipped Ashenzari.
Ashenzari was exalted by your worship.
You were bloodless.

You visited 4 branches of the dungeon, and saw 29 of its levels.
You visited 1 bazaar.
You also visited: Sewer, Bailey and Ice Cave.

You collected 1685 gold pieces.
You spent 1057 gold pieces at shops.

Inventory:

Hand weapons
 t - a cursed +5 dagger of venom (weapon)
Missiles
 m - 6 throwing nets (quivered)
Armour
 j - a cursed +0 buckler (worn)
 s - a cursed +2 cloak (worn)
 x - a cursed +2 pair of gloves (worn)
 A - a cursed +2 pair of boots (worn)
 B - a cursed +2 robe of magic resistance (worn)
Magical devices
 C - a wand of digging (12)
 E - a wand of teleportation (3)
 G - a wand of disintegration (4)
 Y - a wand of teleportation (5)
Scrolls
 c - 2 scrolls of summoning
 e - 10 scrolls of curse armour
 f - 19 scrolls of teleportation
 g - 3 scrolls of fear
 n - a scroll of noise
 o - 4 scrolls of amnesia
 p - 3 scrolls of immolation
 r - 3 scrolls of blinking
 u - 9 scrolls of recharging
 v - 2 scrolls of silence
 w - 10 scrolls of curse weapon
 z - 4 scrolls of enchant armour
 F - 3 scrolls of acquirement {unknown}
 K - a scroll of identify
 M - a scroll of vulnerability {unknown}
 P - a scroll of torment {unknown}
 R - a scroll of fog {unknown}
 T - 5 scrolls of remove curse
 W - 3 scrolls of random uselessness {unknown}
Jewellery
 q - a cursed amulet of resist mutation (around neck)
 y - a cursed +3 ring of protection (left hand)
 O - a +2 ring of protection
 U - the cursed ring "Qahil" (right hand) {+Rage rF+ MR+}
   (You found it in an ice cave)

   [ring of protection from magic]

   It protects you from fire.
   It affects your resistance to hostile enchantments.
   It lets you go berserk.
   It has a curse placed upon it.
 X - an uncursed ring of regeneration
Potions
 a - 18 potions of curing
 b - 3 potions of restore abilities
 d - a potion of lignification {unknown}
 h - a potion of heal wounds
 k - 2 potions of might
 H - a potion of brilliance {unknown}
 I - 2 potions of cure mutation {!q}
 J - a potion of resistance
 Q - 2 potions of agility
 S - 5 potions of flight
 Z - a potion of haste
Books
 i - a book of Callings

   Spells                             Type                      Level
   Summon Small Mammal                Summoning                    1
   Call Imp                           Summoning                    2
   Call Canine Familiar               Summoning                    3
   Summon Guardian Golem              Hexes/Summoning              4
   Summon Lightning Spire             Summoning/Air                4
   Summon Ice Beast                   Ice/Summoning                4
 l - a book of Hinderance

   Spells                             Type                      Level
   Confusing Touch                    Hexes                        2
   *Confuse                           Hexes                        3
   Petrify                            Transmutation/Earth          4
   Leda's Liquefaction                Hexes/Earth                  4
   Metabolic Englaciation             Hexes/Ice                    5
   *Summon Mana Viper                 Hexes/Summoning              5
 D - a book of Flames

   Spells                             Type                      Level
   Flame Tongue                       Conjuration/Fire             1
   Throw Flame                        Conjuration/Fire             2
   Conjure Flame                      Conjuration/Fire             3
   Inner Flame                        Hexes/Fire                   3
   Sticky Flame                       Conjuration/Fire             4
   Fireball                           Conjuration/Fire             5
 L - a book of the Dragon {@w1}

   Spells                             Type                      Level
   *Flight                            Charms/Air                   3
   Cause Fear                         Hexes                        4
   Bolt of Fire                       Conjuration/Fire             6
   Dragon Form                        Transmutation                7
   Dragon's Call                      Summoning                    9
 N - a book of Air

   Spells                             Type                      Level
   Shock                              Conjuration/Air              1
   Swiftness                          Charms/Air                   2
   *Repel Missiles                    Charms/Air                   2
   *Flight                            Charms/Air                   3
   Static Discharge                   Conjuration/Air              3
   Lightning Bolt                     Conjuration/Air              5
 V - the Compendium of Mutagenic Stones
   (You found it on level 4 of the Swamp)

   Spells                             Type                      Level
   Stoneskin                          Transmutation/Earth          2
   Passwall                           Transmutation/Earth          3
   Iron Shot                          Conjuration/Earth            6
   Shatter                            Earth                        9


   Skills:
 - Level 14.0(18.0) Short Blades
 - Level 10.0(12.8) Dodging
 + Level 21.8(23.9) Stealth
 - Level 5.1(8.1) Shields
 - Level 5.0 Spellcasting
 + Level 23.2(26.5) Hexes
 * Level 7.9(12.3) Charms
 - Level 1.0(3.5) Ice Magic


You couldn't memorise any spells.
You knew the following spells:

 Your Spells              Type           Power        Failure   Level  Hunger
a - Corona                Hex            #######      1%          1    None
b - Sure Blade            Hex/Chrm       #######...   1%          2    None
c - Confuse               Hex            ########     1%          3    ##.....
d - Ensorcelled Hibernat  Hex/Ice        ######       1%          2    None
e - Enslavement           Hex            ########     1%          4    ####...
s - Dazzling Spray        Conj/Hex       #######.     1%          3    ##.....
v - Summon Mana Viper     Hex/Summ       #######.     4%          5    #####..
D - Repel Missiles        Chrm/Air       ######       4%          2    None
F - Flight                Chrm/Air       ######....   5%          3    ##.....


Dungeon Overview and Level Annotations

Branches:
Dungeon (15/15)            Temple (1/1) D:6             Orc (0/4) D:9
   Lair (8/8) D:10          Swamp (5/5) Lair:3        Snake (0/5) Lair:6
  Slime (0/6) Lair:8       Vaults (0/5) D:14         Depths (0/5) D:15

Altars:
Ashenzari
Cheibriados
Dithmenos
Elyvilon
Fedhas
Gozag
Kikubaaqudgha
Makhleb
Nemelex Xobeh
Okawaru
Qazlal
Sif Muna
Trog
Vehumet
Xom
Yredelemnul
Zin
The Shining One

Shops:
D:4 !   D:10 *   D:11 =

Annotations:
Lair:5 exclusion: oklob plant
Lair:8 exclusions: door and 2 more exclusions
Swamp:5 Lernaean hydra


Innate Abilities, Weirdness & Mutations

You do not heal naturally.
You can bottle blood from corpses.
You have razor-sharp teeth.*
You have supernaturally acute eyesight.
You can survive without breathing.*
You have large cloven feet.*
Your system is resistant to poisons.*
Your spells are a little harder to cast, but a little more powerful.


Message History

You block the 27-headed Lernaean hydra's attack. x2
The 27-headed Lernaean hydra bites you.
The 27-headed Lernaean hydra bites you but does no damage. x4
The 27-headed Lernaean hydra bites you.
The 27-headed Lernaean hydra bites you but does no damage. x2
The 27-headed Lernaean hydra bites you! The 27-headed Lernaean hydra bites you.
The 27-headed Lernaean hydra misses you.
The 27-headed Lernaean hydra bites you but does no damage.
The 27-headed Lernaean hydra bites you!
* * * LOW HITPOINT WARNING * * *
The 27-headed Lernaean hydra bites you but does no damage.
The 27-headed Lernaean hydra bites you.
* * * LOW HITPOINT WARNING * * *
The 27-headed Lernaean hydra bites you but does no damage.
The 27-headed Lernaean hydra bites you!
* * * LOW HITPOINT WARNING * * *
The 27-headed Lernaean hydra completely misses you.
The 27-headed Lernaean hydra bites you!
You have identified the last scroll.
W - 3 scrolls of random uselessness {unknown} You die...

≈≈≈≈≈#.≈.#≈.≈≈.≈###≈## **≈*
*#≈.≈≈≈.≈#..≈.≈.≈≈## * ≈ *
###≈§≈#≈≈≈#≈.≈#≈≈≈# ≈ *
#..≈.≈.##≈#≈.≈#≈≈≈##♣♣♣ ,≈*
*##≈≈≈.#≈.≈≈#≈.#≈≈####∆.♣♣ ♣* *
##≈..≈.≈.≈.≈≈≈.≈≈≈## ##≈.♣♣ ≈♣♣♣♣
#≈≈≈≈≈.#.#D#≈§§≈##≈######.♣♣♣≈≈≈♣
#≈≈#.≈%≈≈#≈≈#≈.§≈#≈#.##.≈.♣♣.≈≈§.
##≈≈≈≈.....≈D.≈D@%.%≈%%...≈.≈.≈≈≈
###≈≈≈.≈≈.≈≈##§§#%###...≈..(≈≈≈≈
* ###≈≈≈≈#≈≈≈≈≈#≈≈# ###≈♣♣.)≈♣≈≈
* #####≈####≈≈### ≈.♣♣♣≈.}≈≈≈ ###
#### ≈.♣♣♣≈♣.%.≈≈≈ ♣♣*** ♣....≈≈≈
*♣≈≈#.≈≈≈ * ***♣..≈.≈.§ ≈
#≈.....[


You could see the 27-headed Lernaean hydra and a swamp dragon (fleeing).

Vanquished Creatures
  A thorn hunter (Swamp:4)
  8 vault guards (D:14)
  A shambling mangrove (Swamp:3)
  Nessos (Swamp:1)
  24 hydras
  Erica (D:10)
  3 tengu warriors
  15 alligators
  A catoblepas (D:13)
  6 hell knights (D:11)
  8 spriggans
  A very ugly thing (D:15)
  Nergalle (D:15)
  5 skeletal warriors (D:11)
  3 centaur warriors
  A wizard (Lair:8)
  A spriggan druid (Swamp:4)
  A hill giant (D:10)
  Erolcha (D:9)
  Pikel (D:4)
  8 swamp dragons
  2 mana vipers (D:10)
  2 necromancers (D:11)
  Joseph (D:12)
  3 griffons
  A wolf spider (D:15)
  An orc knight (Bailey)
  5 cyclopes
  2 red wasps
  Maurice (D:10)
  A moth of wrath (shapeshifter) (D:15)
  3 black mambas
  4 elephants
  20 spiny frogs
  A spiny frog (shapeshifter) (D:14)
  3 fire drakes
  A centaur zombie (D:14)
  7 komodo dragons
  4 trolls
  Grinder (D:6)
  A freezing wraith (D:15)
  2 polar bears
  A polar bear (shapeshifter) (D:11)
  A centaur skeleton (D:15)
  4 giant leeches
  14 baby alligators
  25 blink frogs
  A hydra skeleton (D:15)
  4 bog bodies
  14 slime creatures
  2 basilisks (Lair:8)
  7 ravens
  3 wyverns
  10 ugly things
  2 deep elf magi (D:11)
  2 sharks (Lair:6)
  3 shadows
  2 water elementals
  A hog (D:8)
  A human (D:8)
  2 wargs (D:10)
  A hungry ghost (D:13)
  21 yaks
  14 hippogriffs
  28 swamp worms
  4 vampire mosquitoes
  Duvessa (D:6)
  Edmund (D:9)
  Menkaure (D:5)
  17 wolves
  A soldier ant (shapeshifter) (D:13)
  25 water moccasins
  7 hell hounds (D:11)
  13 porcupines
  2 slaves (D:4)
  3 nagas (Lair:6)
  4 phantoms
  10 orc warriors
  2 sky beasts
  13 ice beasts
  10 swamp drakes
  9 yellow wasps
  9 centaurs
  6 ogres
  A black bear (D:6)
  2 boring beetles
  2 necrophages
  2 big kobolds
  15 crocodiles
  Sigmund (D:6)
  6 insubstantial wisps (Swamp:5)
  8 giant frogs
  Blork the orc (D:6)
  2 cyclops zombies
  A gnoll sergeant (D:9)
  A cyclops skeleton (D:14)
  5 scorpions
  An orc simulacrum (D:14)
  A tengu zombie (D:14)
  A goliath beetle (D:9)
  6 crimson imps
  5 wights (D:13)
  5 electric eels
  A gnoll shaman (D:8)
  12 iguanas
  A giant frog zombie (D:9)
  A giant frog skeleton (D:6)
  14 jellies
  13 big fish
  A two-headed ogre skeleton (D:10)
  14 worker ants
  7 orc priests
  4 orc wizards
  14 hounds
  3 orange rats (Lair:2)
  11 sheep
  A sky beast zombie (D:5)
  An ogre zombie (D:10)
  A hound zombie (D:6)
  2 hound skeletons
  An ogre skeleton (D:4)
  A mummy (D:14)
  22 gnolls
  33 adders
  80 green rats
  12 white imps (Lair:8)
  4 giant mites
  6 shadow imps
  10 worms
  An iguana skeleton (D:7)
  4 giant geckos
  62 orcs
  A ball python (Sewer)
  14 bats
  2 bat skeletons (D:5)
  11 giant cockroaches
  A gnoll skeleton (D:5)
  14 hobgoblins
  11 jackals
  An ooze (D:2)
  16 quokkas
  7 giant newts
  A giant newt zombie (D:5)
  3 giant spores
  12 goblins
  A goblin skeleton (D:5)
  A hobgoblin zombie (D:6)
  25 kobolds
  2 orc skeletons (D:6)
  An orc zombie (D:3)
  A quokka skeleton (D:6)
  19 rats
  A spectral orc (D:15)
  7 ballistomycetes
  7 plants
1021 creatures vanquished.

Vanquished Creatures (collateral kills)
  The ghost of benitares the Slayer, a mighty OgFi of Okawaru (Swamp:2)
  Fannar (Lair:3)
  Harold (D:10)
  2 hydras
  An alligator (Swamp:5)
  2 tengu warriors
  3 skeletal warriors (D:15)
  A swamp dragon (Swamp:5)
  3 ice statues (IceCv)
  A gargoyle (D:10)
  A fire drake (Lair:6)
  2 tengu conjurers
  3 ravens (D:13)
  13 slime creatures
  2 shadows
  A baby alligator (Swamp:1)
  2 yaks (Lair:6)
  A centaur simulacrum (D:15)
  2 swamp worms
  13 vampire mosquitoes
  A warg (D:10)
  An ice beast (IceCv)
  A phantom (D:6)
  A boggart (D:6)
  A giant frog (Lair:6)
  2 brain worms (Lair:6)
  2 orc priests (D:10)
  A worker ant (D:10)
  An orc wizard (D:10)
  An iguana (Lair:2)
  4 orange rats (Lair:2)
  2 worms (Lair:6)
  4 kobolds
  A rat (D:10)
79 creatures vanquished.

Vanquished Creatures (others)
  7 mana vipers
  An ogre (D:4)
  2 giant spores
  3 fungi
  2 plants (Lair:6)
15 creatures vanquished.

Grand Total: 1115 creatures vanquished

Notes
Turn   | Place    | Note
--------------------------------------------------------------
     0 | D:1      | PolkaDot, the Vampire Enchanter, began the quest for the Orb.
     0 | D:1      | Reached XP level 1. HP: 13/13 MP: 3/3
   339 | D:1      | Reached XP level 2. HP: 19/19 MP: 1/4
   588 | D:1      | Learned a level 2 spell: Ensorcelled Hibernation
  1441 | D:1      | Reached XP level 3. HP: 24/24 MP: 3/6
  1657 | D:2      | Reached skill level 1 in Ice Magic
  2022 | D:2      | Reached skill level 5 in Stealth
  2022 | D:2      | Reached skill level 5 in Hexes
  2154 | D:3      | Reached XP level 4. HP: 11/30 MP: 0/7
  2573 | D:3      | Found a glowing drain.
  2618 | Sewer    | Entered a sewer
  2623 | Sewer    | Learned a level 3 spell: Confuse
  2793 | Sewer    | Reached skill level 6 in Stealth
  2793 | Sewer    | Reached XP level 5. HP: 35/35 MP: 5/9
  3295 | Sewer    | Reached skill level 7 in Hexes
  4205 | D:3      | Reached XP level 6. HP: 39/41 MP: 0/10
  4694 | D:4      | Reached skill level 8 in Hexes
  4738 | D:4      | Found Chidwora's Distillery.
  4741 | D:4      | Bought a potion of invisibility for 66 gold pieces
  5180 | D:4      | Reached XP level 7. HP: 31/46 MP: 7/12
  5255 | D:4      | Reached skill level 9 in Hexes
  5297 | D:4      | Noticed Pikel
  5342 | D:4      | Killed Pikel
  5342 | D:4      | Reached skill level 10 in Hexes
  5342 | D:4      | Reached XP level 8. HP: 45/52 MP: 10/13
  5354 | D:4      | Learned a level 4 spell: Enslavement
  5588 | D:5      | Entered Level 5 of the Dungeon
  5758 | D:5      | Reached skill level 11 in Hexes
  6028 | D:5      | Gained mutation: Your spells are a little harder to cast, but a little more powerful. [potion of beneficial mutation]
  6031 | D:5      | Found a glowing silver altar of Zin.
  6068 | D:5      | Reached skill level 10 in Stealth
  6101 | D:5      | Noticed Menkaure
  6113 | D:5      | Killed Menkaure
  6113 | D:5      | Reached skill level 12 in Hexes
  6638 | D:6      | Found a staircase to the Ecumenical Temple.
  6651 | Temple   | Entered the Ecumenical Temple
  6698 | Temple   | Became a worshipper of Ashenzari the Shackled
  6809 | D:6      | Reached skill level 13 in Hexes
  6932 | D:6      | Reached XP level 9. HP: 57/57 MP: 13/15
  7218 | D:6      | Noticed Blork the orc
  7224 | D:6      | Killed Blork the orc
  7274 | D:6      | Noticed Grinder
  7367 | D:6      | Noticed Sigmund
  7373 | D:6      | Killed Sigmund
  7409 | D:6      | Killed Grinder
  7533 | D:6      | Noticed Dowan
  7534 | D:6      | Noticed Duvessa
  7553 | D:6      | Noticed Dowan
  7553 | D:6      | Dowan changed into Dowan the boggart
  7554 | D:6      | Killed Dowan the boggart
  7554 | D:6      | Reached skill level 14 in Hexes
  7591 | D:6      | Killed Duvessa
  7870 | D:7      | Learned a level 5 spell: Summon Mana Viper
  8324 | D:8      | Found a flagged portal.
  8332 | Bailey   | Entered a bailey
  9519 | Bailey   | Found a roughly hewn altar of Beogh.
  9519 | Bailey   | Noticed an orc knight
  9533 | Bailey   | Killed an orc knight
  9533 | Bailey   | Reached skill level 15 in Hexes
  9534 | Bailey   | Reached XP level 10. HP: 63/63 MP: 13/21
  9877 | D:8      | Acquired Ashenzari's first power
 10169 | D:8      | Reached skill level 5 in Spellcasting
 10189 | D:8      | Learned a level 3 spell: Dazzling Spray
 10453 | D:9      | Found a staircase to the Orcish Mines.
 10582 | D:9      | Reached skill level 16 in Hexes
 10875 | D:9      | Noticed Erolcha
 10906 | D:9      | Killed Erolcha
 11228 | D:9      | Noticed Edmund
 11234 | D:9      | Killed Edmund
 11256 | D:9      | Noticed a cyclops
 11266 | D:9      | Killed a cyclops
 11367 | D:10     | Entered Level 10 of the Dungeon
 11368 | D:10     | Noticed Maurice
 11374 | D:10     | Killed Maurice
 11462 | D:10     | Reached skill level 17 in Hexes
 11715 | D:10     | Found a staircase to the Lair.
 11722 | D:10     | Reached XP level 11. HP: 55/68 MP: 12/23
 11723 | D:10     | Reached skill level 5 in Short Blades
 11743 | D:10     | Noticed Erica
 11748 | D:10     | Killed Erica
 11912 | D:10     | Identified the +4 ring mail of Analysis {Str-4 Dex+3} (You took it off an orc priest on level 10 of the Dungeon)
 12013 | D:10     | Noticed a hill giant
 12022 | D:10     | Killed a hill giant
 12039 | D:10     | Learned a level 2 spell: Sure Blade
 12093 | D:10     | Found Utat's Assorted Antiques.
 12131 | D:10     | Bought a buckler for 130 gold pieces
 12131 | D:10     | Bought a scroll of identify for 58 gold pieces
 12131 | D:10     | Bought a scroll of identify for 58 gold pieces
 12131 | D:10     | Bought a scroll of identify for 58 gold pieces
 12131 | D:10     | Bought a scroll labeled ZURAOC IDEYXT for 29 gold pieces
 12131 | D:10     | Bought a scroll labeled EXKU SMOADGHIE for 29 gold pieces
 12175 | D:10     | Noticed Harold
 12195 | D:10     | Killed Harold
 12195 | D:10     | Reached skill level 1 in Shields
 13016 | D:11     | Acquired Ashenzari's second power
 13215 | Lair:1   | Entered Level 1 of the Lair of Beasts
 13236 | Lair:1   | Reached skill level 18 in Hexes
 13512 | Lair:1   | Reached skill level 15 in Stealth
 14065 | Lair:2   | Acquired Ashenzari's third power
 14167 | Lair:2   | Reached skill level 5 in Shields
 14495 | Lair:2   | Reached XP level 12. HP: 74/74 MP: 21/24
 15137 | Lair:3   | Noticed an eight-headed hydra
 15144 | Lair:3   | Killed an eight-headed hydra
 15237 | Lair:3   | Noticed Fannar
 15256 | Lair:3   | Killed Fannar
 15256 | Lair:3   | Reached skill level 19 in Hexes
 15277 | Lair:3   | Acquired Ashenzari's fourth power
 15277 | Lair:3   | Found a staircase to the Swamp.
 15277 | Lair:3   | Noticed a six-headed hydra
 15416 | Lair:3   | Killed a six-headed hydra
 16728 | Lair:4   | Found an iron altar of Okawaru.
 17269 | Lair:5   | Found a glowing silver altar of Zin.
 17479 | Lair:5   | Gained mutation: You have large cloven feet. [potion of beneficial mutation]
 17938 | Lair:5   | Reached skill level 20 in Hexes
 18338 | Lair:6   | Noticed a four-headed hydra
 18431 | Lair:6   | Noticed a six-headed hydra
 18442 | Lair:6   | Reached XP level 13. HP: 76/79 MP: 17/25
 18455 | Lair:6   | Killed a six-headed hydra
 18547 | Lair:6   | Found a staircase to the Snake Pit.
 18553 | Lair:6   | Learned a level 2 spell: Repel Missiles
 20181 | Lair:6   | Killed a four-headed hydra
 20181 | Lair:6   | Reached skill level 10 in Short Blades
 20520 | Lair:6   | Identified the -1 trident of Light {venom, +Fly rPois}
 22430 | Lair:8   | Entered Level 8 of the Lair of Beasts
 22430 | Lair:8   | Found a frozen archway.
 22584 | IceCv    | Entered an ice cave
 23024 | IceCv    | Identified the ring "Qahil" {+Rage rF+ MR+}
 23417 | Lair:8   | Noticed an acid blob
 23418 | Lair:8   | Noticed an acid blob
 23428 | Lair:8   | Found a staircase to the Slime Pits.
 23428 | Lair:8   | Noticed an acid blob
 23428 | Lair:8   | Noticed an acid blob
 24101 | Lair:8   | Reached skill level 21 in Hexes
 24125 | Lair:8   | Reached XP level 14. HP: 85/85 MP: 26/26
 24221 | Lair:8   | Identified the Disquisition on Attacks
 24505 | D:11     | Noticed a skeletal warrior
 24505 | D:11     | Noticed a skeletal warrior
 24505 | D:11     | Noticed a skeletal warrior
 24511 | D:11     | Noticed a skeletal warrior
 24512 | D:11     | Noticed a skeletal warrior
 24514 | D:11     | Killed a skeletal warrior
 24515 | D:11     | Killed a skeletal warrior
 24515 | D:11     | Reached skill level 5 in Dodging
 24517 | D:11     | Killed a skeletal warrior
 24520 | D:11     | Killed a skeletal warrior
 24522 | D:11     | Killed a skeletal warrior
 24538 | D:11     | Found Merrih's Jewellery Emporium.
 24548 | D:11     | Bought a cursed amulet of resist mutation for 629 gold pieces
 24924 | D:11     | Noticed a hell knight
 25020 | D:11     | Noticed a hell knight
 25025 | D:11     | Killed a hell knight
 25060 | D:11     | Noticed a hell knight
 25076 | D:11     | Killed a hell knight
 25104 | D:11     | Noticed a hell knight
 25129 | D:11     | Killed a hell knight
 25143 | D:11     | Killed a hell knight
 25197 | D:11     | Noticed a hell knight
 25200 | D:11     | Noticed a hell knight
 25200 | D:11     | Noticed a necromancer
 25200 | D:11     | Noticed a necromancer
 25202 | D:11     | Killed a necromancer
 25204 | D:11     | Killed a hell knight
 25207 | D:11     | Killed a necromancer
 25224 | D:11     | Killed a hell knight
 26621 | D:12     | Noticed Joseph
 26627 | D:12     | Killed Joseph
 28273 | D:14     | Found a gate to the Vaults.
 28919 | D:14     | Reached skill level 10 in Dodging
 28921 | D:14     | Reached XP level 15. HP: 90/90 MP: 17/27
 29106 | D:14     | Reached skill level 22 in Hexes
 29431 | D:15     | Entered Level 15 of the Dungeon
 29485 | D:15     | Noticed Nergalle
 29501 | D:15     | Killed Nergalle
 29594 | D:15     | Found a gateway to a bazaar.
 29622 | Bazaar   | Entered a bazaar
 29661 | Bazaar   | Found Pnaemorph's Gadget Emporium.
 29700 | Bazaar   | Found Tiumoq's Food Emporium.
 29750 | Bazaar   | Found Imacinle's Distillery.
 29789 | Bazaar   | Found Nemmerea's Weapon Shoppe.
 30143 | D:15     | Identified the cursed -1 ring mail of a bailey {MR++}
 30897 | D:15     | Found a staircase to the Depths.
 31038 | D:15     | Upgraded the game from 0.15-a0-1579-gd26fec2 to 0.15-a0-1619-g29500c9
 31337 | Swamp:1  | Entered Level 1 of the Swamp
 32469 | Swamp:1  | Noticed Nessos
 32477 | Swamp:1  | Killed Nessos
 33261 | Swamp:2  | Noticed benitares' ghost (mighty OgFi)
 33262 | Swamp:2  | Gained mutation: Your system is resistant to poisons. [potion of beneficial mutation]
 33290 | Swamp:2  | Killed benitares' ghost
 33843 | Swamp:2  | Reached skill level 1 in Charms
 34296 | Swamp:3  | Reached XP level 16. HP: 27/96 MP: 0/27
 34525 | Swamp:3  | Learned a level 3 spell: Flight
 35384 | Swamp:4  | Reached skill level 5 in Charms
 35400 | Swamp:4  | Identified the Compendium of Mutagenic Stones
 35537 | Swamp:4  | Reached skill level 23 in Hexes
 36184 | Swamp:5  | Entered Level 5 of the Swamp
 36676 | Swamp:5  | Noticed the 27-headed Lernaean hydra
 36757 | Swamp:5  | HP: 1/96 [the 27-headed Lernaean hydra (9)]
 36757 | Swamp:5  | Mangled by the 27-headed Lernaean hydra

Action                   |  1- 3 |  4- 6 |  7- 9 | 10-12 | 13-15 | 16-18 || total
-------------------------+-------+-------+-------+-------+-------+-------++-------
Melee: Dagger            |   367 |   423 |   327 |   500 |  1007 |   136 ||  2760
       Unarmed           |       |     3 |       |       |       |       ||     3
 Cast: Corona            |     5 |       |     1 |     6 |    11 |     5 ||    28
       Ensorcelled Hiber |    22 |    50 |    68 |   211 |   270 |    58 ||   679
       Confuse           |       |     4 |    22 |    16 |    51 |     8 ||   101
       Enslavement       |       |       |    11 |     6 |    23 |     2 ||    42
       Summon Mana Viper |       |       |       |    12 |    40 |     8 ||    60
       Dazzling Spray    |       |       |       |       |    58 |    12 ||    70
       Repel Missiles    |       |       |       |       |     1 |       ||     1
       Sure Blade        |       |       |       |       |     1 |       ||     1
       Flight            |       |       |       |       |       |    11 ||    11
 Abil: End Transformatio |       |     1 |       |       |     6 |     1 ||     8
       Bat Form          |       |     1 |       |       |     6 |     1 ||     8
Evoke: Wand              |       |       |     1 |     6 |     4 |       ||    11
  Use: Scroll            |       |     7 |    16 |     7 |    26 |     2 ||    58
       Potion            |       |       |     8 |     9 |     9 |     4 ||    30
 Stab: Sleeping          |    19 |    46 |    79 |   233 |   297 |    60 ||   734
       Distracted        |       |     2 |     1 |     8 |    12 |       ||    23
       Confused          |       |     3 |     9 |    20 |    40 |     5 ||    77
       Invisible         |       |       |    11 |     1 |    31 |     3 ||    46
       Betrayed ally     |       |       |     2 |       |     2 |       ||     4
